 Dungeon Crawl Stone Soup version 0.19-a0-1181-g4905290 (webtiles) character file.

172 PurpleRed the Conjurer (level 5, -11/28 HPs)
             Began as a Deep Elf Conjurer on Aug 17, 2016.
             Mangled by an ice beast (12 damage)
             ... on level 4 of the Dungeon.
             The game lasted 00:06:17 (2070 turns).

PurpleRed the Conjurer (Deep Elf Conjurer)          Turns: 2070, Time: 00:06:18

Health: -11/28     AC:  2    Str:  5    XL:     5   Next: 27%
Magic:  9/14       EV: 13    Int: 21    God:
Gold:   98         SH:  0    Dex: 15    Spells: 2 memorised, 10 levels left

rFire  . . .     SeeInvis .     (no weapon)
rCold  . . .     Gourm    .     a - +0 robe
rNeg   . . .     Faith    .     (no shield)
rPois  .         Spirit   .     (no helmet)
rElec  .         Dismiss  .     (no cloak)
rCorr  .         Reflect  .     (no gloves)
MR     .....     Harm     .     (no boots)
Stlth  ++........               (no amulet)
                                (no ring)
                                (no ring)

@: no status effects
A: no striking features
a: no special abilities


You were on level 4 of the Dungeon.
You were not hungry.

You visited 1 branch of the dungeon, and saw 4 of its levels.

You collected 98 gold pieces.

Inventory:

Hand Weapons
 p - a +0 falchion
Missiles
 v - 6 curare-tipped needles
Armour
 a - a +0 robe (worn)
Jewellery
 k - an uncursed ring of poison resistance {unknown}
 w - a +2 ring of intelligence {unknown}
Wands
 q - a wand of disintegration (10/24)
Scrolls
 e - 2 scrolls of noise {unknown}
 f - 2 scrolls of blinking {unknown}
 h - a scroll of amnesia {unknown}
 j - 2 scrolls of magic mapping {unknown}
 o - 2 scrolls of teleportation {unknown}
 r - a scroll of identify {unknown}
 s - a scroll of random uselessness {unknown}
 u - a scroll of fear {unknown}
Potions
 d - a potion of berserk rage {unknown}
 g - a potion of agility {unknown}
 i - a potion of cancellation
 l - 2 potions of heal wounds {unknown}
 m - 2 potions of curing {unknown}
 t - a potion of might {unknown}
Books
 b - a book of Conjurations

   Spells                             Type                      Level
   a - Magic Dart                     Conjuration                  1
   b - Searing Ray                    Conjuration                  2
   c - Dazzling Spray                 Conjuration/Hexes            3
   d - Fulminant Prism                Conjuration/Hexes            4
   e - Iskenderun's Mystic Blast      Conjuration                  4
   f - Iskenderun's Battlesphere      Conjuration/Charms           5
Comestibles
 c - 3 bread rations
 n - a beef jerky


   Skills:
 - Level 2.4 Dodging
 - Level 2.4 Stealth
 + Level 4.7 Spellcasting
 * Level 6.5 Conjurations


You had 10 spell levels left.
You knew the following spells:

 Your Spells              Type           Power        Failure   Level  Hunger
a - Magic Dart            Conj           ####         1%          1    None
b - Searing Ray           Conj           ####..       1%          2    #......


Dungeon Overview and Level Annotations

Branches:
Dungeon (4/15)
 Temple: D:4-7

Altars:
Gozag
Trog


Message History

Aim: an ice beast The searing ray hits the ice beast.
The ice beast is moderately wounded.
The searing ray hits the ice beast.
The ice beast is moderately wounded.
The ice beast hits you but does no damage.
The searing ray hits the ice beast.
The ice beast is heavily wounded.
The ice beast hits you. The ice beast freezes you!
The searing ray hits the ice beast.
The ice beast is heavily wounded.
You finish channeling your searing ray.
The ice beast hits you. The ice beast freezes you.
* * * LOW HITPOINT WARNING * * *
The adder closely misses you.
It was a potion of cancellation.
You feel magically purged. The adder closely misses you.
The ice beast hits you.
* * * LOW HITPOINT WARNING * * *
The ice beast freezes you!
You die...

##........ ...
...............s
..##....... ....
..........#.....
..........#...
............
$...#.#.S.#
........Y@+
#.......###
............#
..........S..#
......##.....+
#....##.....#
#...........#
###.......##.##
.............#


You could see an ice beast and an adder.

Vanquished Creatures
  The ghost of AlphabetPasta the Firebug, an amateur HEFE (D:3)
  4 adders
  An ooze (D:1)
  A worm (D:2)
  3 dart slugs
  A giant gecko (D:1)
  7 bats
  4 goblins
  9 hobgoblins
  5 jackals
  5 giant newts
  3 kobolds
  11 rats
55 creatures vanquished.

Notes
Turn   | Place    | Note
-------+----------+-------------------------------------------
     0 | D:1      | PurpleRed the Deep Elf Conjurer began the quest for the Orb.
     0 | D:1      | Reached XP level 1. HP: 10/10 MP: 6/6
   185 | D:1      | Reached XP level 2. HP: 15/15 MP: 1/8
   401 | D:1      | Reached skill level 5 in Conjurations
   702 | D:1      | Learned a level 2 spell: Searing Ray
   780 | D:2      | Found a bloodstained altar of Trog.
   796 | D:2      | Reached XP level 3. HP: 19/19 MP: 6/10
  1394 | D:2      | Reached XP level 4. HP: 24/24 MP: 8/12
  1508 | D:3      | Found an opulent altar of Gozag.
  1536 | D:3      | Noticed AlphabetPasta's ghost (amateur HEFE)
  1551 | D:3      | Killed AlphabetPasta's ghost
  1551 | D:3      | Reached skill level 6 in Conjurations
  1551 | D:3      | Reached XP level 5. HP: 28/28 MP: 3/13
  2052 | D:4      | Noticed an ice beast
  2070 | D:4      | HP: 1/28 [ice beast (5)]
  2070 | D:4      | Mangled by an ice beast

Vault maps used:
D:1:      scummos_arrival_checkerplants
D:2:      trog_hazing_becter
D:3:      nicolae_gozag_seed_capital
D:4:      lemuel_coloured_pillars_altar, first_bread, st_stairs_4

Skill      XL: |  1  2  3  4 |
---------------+-------------+-----
Conjurations   | 5 6 |  6.5
Spellcasting   | 4 |  4.7
Dodging        | |  2.4
Stealth        | |  2.4

Action                   |  1- 3 |  4- 6 || total
-------------------------+-------+-------++-------
 Cast: Magic Dart        |    76 |    26 ||   102
       Searing Ray       |     3 |     4 ||     7
  Use: Potion            |       |     1 ||     1
  Eat: Chunk             |     1 |     2 ||     3
Armor: Robe              |     6 |     3 ||     9
Dodge: Dodged            |    29 |     3 ||    32
